 Dungeon Crawl Stone Soup version 0.26-a0-658-gbdda728c12 (webtiles) character file.

Game seed: 12339379837547692953

3289 snetch the Spear-Bearer (level 9, -8/81 HPs)
             Began as a Minotaur Berserker on Oct 2, 2020.
             Was a High Priest of Trog.
             Mangled by a komodo dragon (24 damage)
             ... on level 7 of the Dungeon on Oct 5, 2020.
             The game lasted 00:21:29 (7166 turns).

snetch the Spear-Bearer (Minotaur Berserker)        Turns: 7166, Time: 00:21:30

Health: -8/81      AC:  9    Str: 31    XL:     9   Next: 69%
Magic:  8/8        EV: 13    Int:  4    God:    Trog [*****.]
Gold:   442        SH:  0    Dex: 16    Spells: 8/8 levels left

rFire    . . .     SeeInvis .   a - +6 executioner's axe (vorpal)
rCold    . . .     Faith    .   (shield currently unavailable)
rNeg     . . .     Spirit   .   I - +0 swamp dragon scales
rPois    +         Reflect  .   (helmet restricted)
rElec    .         Harm     .   (no cloak)
rCorr    .         Rampage  .   (no gloves)
MR       .....                  (no boots)
Stlth    +.........             (no amulet)
HPRegen  0.23/turn              s - +6 ring of dexterity
MPRegen  0.11/turn              x - +6 ring of strength

@: no status effects
A: retaliatory headbutt, horns 2
a: Berserk, Trog's Hand, Brothers in Arms, Renounce Religion


You were on level 7 of the Dungeon.
You worshipped Trog.
Trog was extremely pleased with you.
You visited 2 branches of the dungeon, and saw 9 of its levels.
You also visited: Sewer.

You collected 442 gold pieces.

Inventory:

Hand Weapons
 a - a +6 vorpal executioner's axe (weapon)
 b - a +1 glaive of protection
 c - a +0 morningstar
 f - a +0 vorpal flail
Missiles
 e - 57 poisoned darts
 i - 102 sling bullets
 q - 190 arrows
 w - 63 bolts
 A - 3 boomerangs of dispersal
 F - 2 throwing nets
 G - 355 stones (quivered)
 L - 11 boomerangs
 M - 8 curare-tipped darts
Armour
 D - a +1 chain mail of positive energy
 I - +0 swamp dragon scales (worn)
 K - a +0 plate armour
Jewellery
 s - a +6 ring of dexterity (left hand)
 x - a +6 ring of strength (right hand)
 P - an uncursed ring of magical power
Wands
 O - a wand of flame (26)
Scrolls
 g - 5 scrolls of remove curse {unknown}
 o - a scroll of fog
 r - 3 scrolls of magic mapping {unknown}
 t - 4 scrolls of teleportation {unknown}
 y - 2 scrolls of enchant weapon {unknown}
 C - a scroll of noise
 E - 5 scrolls of fear {unknown}
Potions
 d - 3 potions of heal wounds
 h - 2 potions of brilliance
 j - 3 potions of flight {unknown}
 k - a potion of might
 l - 4 potions of degeneration {unknown}
 m - 3 potions of curing {unknown}
 n - 2 potions of ambrosia {unknown}
 u - a potion of stabbing
 v - a potion of mutation
 z - 3 potions of lignification {unknown}
 B - 5 potions of magic
 H - a potion of haste


   Skills:
 + Level 7.8 Fighting
 + Level 6.9(9.7) Axes
 + Level 10.5(11.3) Polearms
 + Level 7.4 Armour
 + Level 3.7 Dodging
 + Level 1.9 Stealth
 + Level 1.3 Unarmed Combat


You had 8 spell levels left.
You didn't know any spells.
Your spell library contained the following spells:

 Spells                   Type           Power        Failure   Level
 Corona                   Hex            #......      61%         1
 Foxfire                  Conj/Fire      #...         61%         1
 Ensorcelled Hibernation  Hex/Ice        #.....       75%         2
 Confusing Touch          Hex            #.......     93%         3
 Conjure Flame            Conj/Fire      #.......     93%         3
 Dazzling Flash           Conj/Hex       #.....       93%         3
 Gell's Gravitas          Tloc           #.........   93%         3
 Inner Flame              Hex/Fire       #.......     93%         3
 Tukima's Dance           Hex            #.......     93%         3
 Petrify                  Tmut/Erth      #.......     100%        4
 Sticky Flame             Conj/Fire      #.......     100%        4
 Fireball                 Conj/Fire      #.........   100%        5
 Metabolic Englaciation   Hex/Ice        #.........   100%        5
 Yara's Violent Unravell  Hex/Tmut       #.........   100%        5


Dungeon Overview and Level Annotations

Branches:
Dungeon (8/15)             Temple (1/1) D:6           Sewer (visited)
   Lair: D:8-11

Altars:
Ashenzari
Cheibriados
Dithmenos
Elyvilon
Fedhas
Gozag
Hepliaklqana
Kikubaaqudgha
Nemelex Xobeh
Okawaru
Qazlal
Ru
Sif Muna
Trog
Uskayaw
Vehumet
Wu Jian
Xom
Yredelemnul
Zin
The Shining One


Innate Abilities, Weirdness & Mutations

You reflexively headbutt those who attack you in melee.
You have a pair of horns on your head.


Message History

You headbutt the water moccasin! The komodo dragon closely misses you.
The orc barely misses you.
You climb upwards.
There is a stone staircase leading down here.
Unknown command.
You slice the water moccasin like a ripe choko!!!
You kill the water moccasin!
Trog accepts your kill.
You slash the komodo dragon! The komodo dragon bites you!
* * * LOW HITPOINT WARNING * * *
The komodo dragon bites you.
* * * LOW HITPOINT WARNING * * *
You hit the komodo dragon.
The komodo dragon is heavily wounded.
The komodo dragon barely misses you.
Unknown command.
You barely miss the komodo dragon. Your headbutt misses the komodo dragon.
The komodo dragon is heavily wounded.
The komodo dragon bites you!!
You die...

##.. #...# ###. #..##......
#... #..#....... ...#
##.#......... #..###
##...........#
#....###............#
#.............# ...# .
#####..........÷.l# ...##..
...............†@## .......
................[)##.......
............###...))..#
######......# ####....#
###..>...## ##..).#
###.......#.# #....#
..........#### .......
..........##.# .........
.............# #...........


You could see a komodo dragon.

Vanquished Creatures
  Maggie (D:6)
  A hornet (D:7)
  Sigmund (D:4)
  2 water moccasins (D:7)
  2 orc warriors (D:7)
  3 black bears
  An ogre (D:4)
  2 centaurs
  4 bullfrogs
  5 scorpions
  6 killer bees (D:7)
  A howler monkey (D:5)
  A jelly (D:6)
  A bullfrog skeleton (D:5)
  2 orc priests (D:4)
  3 hounds
  2 orc wizards
  Natasha (thrice) (D:3)
  3 iguanas
  5 worker ants
  A killer bee zombie (D:5)
  A hound skeleton (D:3)
  5 gnolls
  13 adders
  A shadow imp (D:6)
  2 white imps
  An ufetubus (D:6)
  2 oozes
  2 worms
  An adder skeleton (D:6)
  2 dart slugs
  10 leopard geckos
  19 orcs
  9 ball pythons
  16 giant cockroaches
  12 hobgoblins
  7 jackals
  8 kobolds
  6 quokkas
  8 bats
  9 frilled lizards
  9 goblins
  A jackal skeleton (D:4)
  A leopard gecko skeleton (D:4)
  10 rats
  A spectral orc (D:2)
206 creatures vanquished.

Vanquished Creatures (others)
  14 fungi (D:8)
  12 plants (D:8)
26 creatures vanquished.

Grand Total: 232 creatures vanquished

Notes
Turn   | Place    | Note
-------+----------+-------------------------------------------
     0 | D:1      | snetch the Minotaur Berserker began the quest for the Orb.
     0 | D:1      | Reached XP level 1. HP: 19/19 MP: 0/0
   204 | D:2      | Reached XP level 2. HP: 27/27 MP: 1/1
   371 | D:1      | Reached XP level 3. HP: 32/33 MP: 2/2
  1321 | D:2      | Found a basalt altar of Yredelemnul.
  1324 | D:2      | Reached ** piety under Trog
  1416 | D:2      | Reached XP level 4. HP: 41/41 MP: 3/3
  1459 | D:2      | Reached skill level 5 in Axes
  1903 | D:3      | Reached XP level 5. HP: 43/47 MP: 4/4
  2277 | D:3      | Reached skill level 5 in Fighting
  2671 | D:3      | Reached *** piety under Trog
  2678 | D:3      | Noticed Natasha
  2684 | D:3      | Killed Natasha
  2824 | D:3      | Noticed Natasha
  2827 | D:3      | Killed Natasha
  2827 | D:3      | Reached XP level 6. HP: 47/56 MP: 5/5
  2829 | D:3      | Noticed Natasha
  2838 | D:3      | Killed Natasha
  3136 | D:4      | Reached skill level 1 in Polearms
  3180 | D:5      | Entered Level 5 of the Dungeon
  3218 | D:4      | Found an ancient bone altar of Kikubaaqudgha.
  3263 | D:4      | Reached skill level 2 in Polearms
  3719 | D:4      | Reached skill level 3 in Polearms
  3719 | D:4      | Reached XP level 7. HP: 21/61 MP: 6/6
  4260 | D:4      | Noticed Sigmund
  4271 | D:4      | Killed Sigmund
  4271 | D:4      | Reached skill level 4 in Polearms
  4271 | D:4      | Reached skill level 5 in Armour
  4434 | D:5      | Found a shimmering altar of Xom.
  4435 | D:5      | Upgraded the game from 0.26-a0-652-gafc20e3620 to
                  | 0.26-a0-658-gbdda728c12
  4457 | D:5      | Reached skill level 1 in Stealth
  4457 | D:5      | Reached skill level 1 in Unarmed Combat
  4535 | D:6      | Found a staircase to the Ecumenical Temple.
  4570 | D:6      | Reached skill level 5 in Polearms
  4599 | D:6      | Reached XP level 8. HP: 68/70 MP: 7/7
  4685 | D:6      | Reached skill level 6 in Polearms
  4700 | D:6      | Found a hazy altar of Hepliaklqana.
  4721 | D:6      | Reached **** piety under Trog
  4727 | D:6      | Found a glowing drain.
  4753 | Sewer    | Entered a sewer
  5142 | D:5      | Found a snail-covered altar of Cheibriados.
  5575 | D:5      | Reached skill level 7 in Polearms
  5933 | D:6      | Reached ***** piety under Trog
  6085 | D:6      | Noticed Maggie
  6095 | D:6      | Killed Maggie
  6095 | D:6      | Reached skill level 8 in Polearms
  6204 | Temple   | Entered the Ecumenical Temple
  6555 | D:7      | Reached XP level 9. HP: 65/78 MP: 8/8
  6563 | D:7      | Reached skill level 9 in Polearms
  6901 | D:8      | Noticed a komodo dragon
  6904 | D:8      | Received a gift from Trog
  6913 | D:8      | Reached skill level 10 in Polearms
  6919 | D:7      | HP: 5/118 [orc warrior/+0 scimitar (5)]
  6923 | D:7      | HP: 2/80 [poisoned by a water moccasin]
  7166 | D:7      | Mangled by a komodo dragon

Illustrated notes

Levels and vault maps discovered:
D:1:      dpeg_arrival_morbid_curiosity, layout_loops_ring, serial_glass,
          glass_columns_b, glass_columns_a, minmay_strange_pillars,
          due_unseen_surprise, minmay_strange_pillars, minmay_strange_pillars
D:2:      minmay_angry_zag, layout_rooms, yredelemnul_forgotten_temple_becter,
          roderic_malta_cross, minmay_worlds_worst_comb
D:3:      layout_basic, minivault_5, st_stairs_9, uniq_natasha
D:4:      layout_basic, marbit_many_paths, abandoned_shop, uniq_sigmund
D:5:      layout_basic, kennysheep_slug_shrine, xom_redecorated,
          kennysheep_small_spiral
D:6:      layout_cave_pools, lemuel_doored_altar, minmay_temple_entry_arrows,
          gup_sewer_entry_pipe, uniq_maggie
D:7:      layout_layer_cave
D:8:      layout_loops_ring, due_lair_maze_entry_diamond
Temple:   eino_temple_scatter_basement

Skill      XL: |  1  2  3  4  5  6  7  8  9 |
---------------+----------------------------+-----
Fighting       | 4 5 6 7 |  7.8
Axes           | 4 5 6 |  6.9
Armour         | 3 4 5 6 7 |  7.4
Polearms       | 3 5 8 10 | 10.5
Dodging        | 3 |  3.7
Stealth        | 1 |  1.9
Unarmed Combat | 1 |  1.3

Action                   |  1- 3 |  4- 6 |  7- 9 || total
-------------------------+-------+-------+-------++-------
Melee: Hand axe          |    77 |    48 |       ||   125
       Headbutt          |    12 |    20 |    38 ||    70
       Glaive            |       |    55 |   210 ||   265
       Unarmed           |       |    11 |       ||    11
       Executioner's axe |       |       |    11 ||    11
Invok: Trog's Hand       |       |       |     1 ||     1
       Berserk           |       |       |     1 ||     1
Evoke: Wand              |       |     1 |       ||     1
  Use: Scroll            |       |       |     7 ||     7
       Potion            |       |       |     2 ||     2
 Stab: Confused          |       |     1 |       ||     1
Armor: Chain mail        |    56 |    60 |    68 ||   184
       Animal skin       |     2 |       |       ||     2
       Skin              |       |     2 |       ||     2
       Swamp dragon scal |       |       |    32 ||    32
Dodge: Dodged            |    47 |    57 |   164 ||   268

Table legend: (Time is in decaauts)
 A = Elapsed time spent in this place.
 B = Non-inter-level travel time spent in this place.
 C = Inter-level travel time spent in this place.
 D = Time resting spent in this place.
 E = Time spent auto-exploring this place.
 F = Levels seen in this place.
 G = Mean time per level.
                   A        B        C        D        E       F      G
               +--------+--------+--------+--------+--------+-----+--------+
         Total |   7348 |   7028 |    320 |    244 |   4690 |  10 |  734.8 |
       Dungeon |   6829 |   6527 |    302 |    244 |   4363 |   8 |  853.6 |
        Temple |    182 |    164 |     18 |      0 |    163 |   1 |  182.0 |
         Sewer |    336 |    336 |      0 |      0 |    164 |   1 |  336.0 |
               +--------+--------+--------+--------+--------+-----+--------+

Top non-repeatable levels by time:
     D:4: 1396 daAuts
     D:3: 1269 daAuts
     D:1: 1122 daAuts
     D:5: 808 daAuts
     D:7: 799 daAuts
     D:6: 713 daAuts
     D:2: 692 daAuts
   Sewer: 336 daAuts
  Temple: 182 daAuts
     D:8: 28 daAuts
